 Dungeon Crawl Stone Soup version 0.28-a0-906-g0406aca7d3 (webtiles) character file.

Game seed: 17987491010725995068

333 vurker the Gusty (level 6, 0/40 HPs)
             Began as an Octopode Air Elementalist on Nov 23, 2021.
             Shot with an arrow by a centaur (7 damage)
             ... on level 5 of the Dungeon.
             The game lasted 00:04:16 (5832 turns).

vurker the Gusty (Octopode Air Elementalist)        Turns: 5832, Time: 00:04:17

Health: 0/40       AC:  1    Str:  8    XL:     6   Next: 53%
Magic:  0/11       EV: 13    Int: 19    God:
Gold:   188        SH:  0    Dex: 12    Spells: 7/12 levels left

rFire   . . .      SeeInvis .   b - +0 short sword
rCold   + . .      Faith    .   (no shield)
rNeg    . . .      Spirit   .   (helmet restricted)
rPois   .          Reflect  .   (no amulet)
rElec   .          Harm     .   f - ring of protection from cold
rCorr   .          Rampage  .   (no ring)
Will    .....                   (no ring)
Stlth   +++.......              (no ring)
HPRegen 0.13/turn               (no ring)
MPRegen 0.12/turn               (no ring)
                                (no ring)
                                (no ring)

@: very slightly contaminated
A: almost no armour, amphibious, 8 rings, camouflage 1, gelatinous body 1,
(nimble swimmer 1), tentacles
a: no special abilities


You were on level 5 of the Dungeon.
You visited 1 branch of the dungeon, and saw 5 of its levels.

You collected 188 gold pieces.

Inventory:

Hand Weapons
 b - a +0 short sword (weapon)
   (You took it off a kobold on level 1 of the Dungeon)
Jewellery
 f - a ring of protection from cold (left tentacle)
   (You found it on level 1 of the Dungeon)
Wands
 a - a wand of polymorph (9)
   (You took it off a goblin on level 4 of the Dungeon)
Scrolls
 c - 2 scrolls of fog
Potions
 d - a potion of curing {unknown}
 g - a potion of haste {unknown}
 h - 3 potions of mutation {unknown}
 i - 2 potions of lignification
 k - a potion of flight {unknown}


   Skills:
 + Level 2.3 Fighting
 - Level 2.0 Dodging
 - Level 2.6 Stealth
 * Level 3.9 Spellcasting
 + Level 2.4 Conjurations
 * Level 4.7 Air Magic


You had 7 spell levels left.
You knew the following spells:

 Your Spells              Type           Power      Damage    Failure   Level
a - Shock                 Conj/Air       68%        1d7       3%          1
c - Airstrike             Air            10%        N/A       19%         4

Your spell library contained the following spells:

 Spells                   Type           Power      Damage    Failure   Level
 Static Discharge         Conj/Air       17%        N/A       4%          2
 Swiftness                Air            21%        N/A       6%          3
 Ozocubu's Armour         Ice            3%         N/A       38%         3
 Metabolic Englaciation   Hex/Ice        1%         N/A       98%         5
 Simulacrum               Ice/Necr       1%         N/A       100%        6


Dungeon Overview and Level Annotations

Branches:
Dungeon (5/15)
 Temple: D:4-7

Altars:
Ru

Annotations:
D:3 2 runed translucent doors, Killmatronix's ghost, amateur GnSu
D:4 1 runed translucent door, anonymous's ghost, novice DrTm


Innate Abilities, Weirdness & Mutations

You cannot wear most types of armour.
You are amphibious.
You can wear up to eight rings at the same time.
Your skin changes colour to match your surroundings (Stealth+).
Your rubbery body absorbs attacks. (AC +1, EV +1)
((You are camouflaged near water. (Stealth+)))
You have tentacles for arms and can constrict up to eight enemies at once.


Message History

Aim: an orc, wielding a +0 falchion (severely wounded, 71% to hit)
The zap hits the orc.
You kill the orc!
You can't see any susceptible monsters within range! (Use Z to cast anyway.)
You can't see any susceptible monsters within range! (Use Z to cast anyway.)
An orc comes into view. It is wielding a +0 hand axe.
The orc shouts!
You hear a shout!
Aim: an orc, wielding a +0 hand axe and wearing a +0 chain mail (79% to hit)
The zap hits the orc.
You hear a shout! x2
Aim: an orc, wielding a +0 hand axe and wearing a +0 chain mail (lightly wounded, 79% to hit)
The zap hits the orc.
An orc is nearby!
Aim: an orc, wielding a +0 hand axe and wearing a +0 chain mail (heavily wounded, 79% to hit)
The zap hits the orc.
A centaur comes into view.
Aim: an orc, wielding a +0 hand axe and wearing a +0 chain mail (almost dead, 79% to hit)
The zap hits the orc but does no damage.
The centaur wields a +0 shortbow.
The centaur shoots an arrow.
The arrow completely misses you.
Aim: an orc, wielding a +0 hand axe and wearing a +0 chain mail (almost dead, 79% to hit)
You miscast Shock.
You are very lightly contaminated with residual magic.
Nothing appears to happen.
An orc comes into view. It is wielding a +0 whip.
An orc comes into view. It is wielding a +0 short sword.
Aim: an orc, wielding a +0 hand axe and wearing a +0 chain mail (almost dead, 79% to hit)
The zap hits the orc.
You kill the orc!
The zap hits the centaur.
The centaur shoots an arrow.
The arrow hits you.
The centaur shoots an arrow.
The arrow barely misses you.
Aim: a centaur, wielding a +0 shortbow and quivering arrows (83% to hit)
The zap hits the centaur.
The centaur shoots an arrow.
The arrow hits you.
The spell is quite dangerous to cast (19% risk of failure)!
Continue anyway? [Y]es or [N]o only, please.
The spell is quite dangerous to cast (19% risk of failure)!
Continue anyway?
Aim: a centaur, wielding a +0 shortbow and quivering arrows (lightly wounded, empty space bonus: 3/8)
The air twists around and strikes the centaur!
The centaur shoots an arrow.
The arrow misses you.
The centaur shoots an arrow.
The arrow hits you!
* * * LOW HITPOINT WARNING * * *
You don't have enough magic to cast this spell.
Aim: a centaur, wielding a +0 shortbow and quivering arrows (heavily wounded, 83% to hit)
The zap hits the centaur.
The zap hits the orc.
The centaur shoots an arrow.
The arrow barely misses you.
Okay, then.
The centaur shoots an arrow.
The arrow hits you!
* * * LOW HITPOINT WARNING * * *
The centaur shoots an arrow.
The arrow hits you!
You die...

###....##...# ....
##..##...## ....
##.####..#### .....
##..###......##
.....##...#.##...[..#
.............#.....####
...)...####...........#
..........#...........##
###...@..............##
#.......####........#.<.#
#.#..)... ####.....#..##
#....... #...##..#.#
oc.#...... ....########
..###.........## .
#........ #.###..###


You could see a centaur and an orc.

Vanquished Creatures
  An ogre (D:4)
  A phantom (D:4)
  An iguana (D:4)
  3 adders
  5 worms
  3 dart slugs
  4 orcs
  7 ball pythons
  9 bats
  12 endoplasms
  5 giant cockroaches
  5 goblins
  8 hobgoblins
  13 jackals
  5 quokkas
  3 frilled lizards
  6 kobolds
  6 rats
97 creatures vanquished.

Notes
Turn   | Place    | Note
-------+----------+-------------------------------------------
     0 | D:1      | vurker the Octopode Air Elementalist began the quest for
                  | the Orb.
     0 | D:1      | Reached XP level 1. HP: 11/11 MP: 3/3
   320 | D:1      | Reached XP level 2. HP: 17/17 MP: 0/5
   865 | D:1      | Reached XP level 3. HP: 22/22 MP: 2/6
  1006 | D:1      | Found a faded altar of an unknown god.
  1291 | D:1      | Reached skill level 1 in Fighting
  1940 | D:2      | HP: 1/23 [worm (9)]
  2858 | D:2      | Reached XP level 4. HP: 28/28 MP: 5/8
  4022 | D:3      | Reached XP level 5. HP: 33/33 MP: 1/9
  4162 | D:3      | Reached skill level 4 in Air Magic
  4374 | D:3      | Found a sacrificial altar of Ru.
  4428 | D:3      | Found a runed translucent door.
  4449 | D:3      | Found a runed translucent door.
  4451 | D:3      | Noticed Killmatronix's ghost (amateur GnSu)
  5001 | D:4      | Noticed an ogre
  5015 | D:4      | Killed an ogre
  5016 | D:4      | Reached XP level 6. HP: 24/39 MP: 3/11
  5021 | D:4      | Learned a level 4 spell: Airstrike
  5630 | D:4      | Found a runed translucent door.
  5633 | D:4      | Noticed anonymous's ghost (novice DrTm)
  5772 | D:5      | Entered Level 5 of the Dungeon
  5832 | D:5      | Shot with an arrow by a centaur

Illustrated notes

Levels and vault maps discovered:
D:1:      minmay_arrival_diagonal_passages, layout_basic,
          ebering_ecumenical_altar_webs
D:2:      minmay_chambers_of_twos, layout_basic
D:3:      layout_rooms, nicolae_ru_sacrificial_ziggurat, ebering_ghost_sewer_f,
          chequers_mini_garden, minmay_fractal_squares_5
D:4:      layout_cave_pools, ebering_ghost_inner_flame
D:5:      layout_cave_pools, nicolae_overflow_hidden_temple

Skill      XL: |  1  2  3  4  5 |
---------------+----------------+-----
Fighting       | 1 2 |  2.3
Spellcasting   | 3 |  3.9
Air Magic      | 4 |  4.7
Conjurations   | 2 |  2.4
Dodging        | |  2.0
Stealth        | |  2.6

Action                   |  1- 3 |  4- 6 || total
-------------------------+-------+-------++-------
Melee: Unarmed           |    25 |       ||    25
       Constrict         |     9 |     9 ||    18
       Tentacles         |     5 |     5 ||    10
       Short sword       |    11 |    22 ||    33
 Cast: Shock             |    87 |   135 ||   222
       Airstrike         |       |     1 ||     1
  Use: Scroll            |       |     6 ||     6
 Stab: Sleeping          |       |     1 ||     1
Armor: Skin              |     3 |     1 ||     4
Dodge: Dodged            |    31 |    31 ||    62

Table legend: (Time is in decaauts)
 A = Elapsed time spent in this place.
 B = Non-inter-level travel time spent in this place.
 C = Inter-level travel time spent in this place.
 D = Time resting spent in this place.
 E = Time spent auto-exploring this place.
 F = Levels seen in this place.
 G = Mean time per level.
                   A        B        C        D        E       F      G
               +--------+--------+--------+--------+--------+-----+--------+
         Total |   5836 |   5730 |    106 |    499 |   4644 |   5 | 1167.2 |
       Dungeon |   5836 |   5730 |    106 |    499 |   4644 |   5 | 1167.2 |
               +--------+--------+--------+--------+--------+-----+--------+

Top non-repeatable levels by time:
     D:1: 2228 daAuts
     D:2: 1564 daAuts
     D:3: 1048 daAuts
     D:4: 935 daAuts
     D:5: 59 daAuts
